 Dungeon Crawl Stone Soup version 0.29.0-11-gd7f09526c8 (webtiles) character file.

Game seed: 8613037794614529616

8657 Anamonty the Transmogrifier (level 11, -6/77 HPs)
             Began as an Octopode Transmuter on Sept 3, 2022.
             Was a Priest of Wu Jian.
             Mangled by a shadow (31 damage)
             ... on level 11 of the Dungeon.
             The game lasted 00:25:13 (15723 turns).

Anamonty the Transmogrifier (Octopode Transmuter)  Turns: 15723, Time: 00:25:14

Health: -6/77      AC:  5    Str: 11    XL:     11   Next: 34%
Magic:  17/22      EV: 20    Int: 16    God:    Wu Jian [***...]
Gold:   313        SH:  0    Dex: 13    Spells: 9/24 levels left

rFire   . . .      SeeInvis .     - Unarmed
rCold   . . .      Faith    .   (shield currently unavailable)
rNeg    + + .      Spirit   .   (helmet restricted)
rPois   +          Reflect  .   (no amulet)
rElec   .          Harm     .   j - ring of resist corrosion
rCorr   +          Rampage  .   q - ring "Agynwoumai" {rPois rN++ EV+4 Int-2 Slay+3}
Will    .....                   C - +4 ring of protection
Stlth   ++........              (no ring)
HPRegen 0.22/turn               (no ring)
MPRegen 0.18/turn               (no ring)
                                (no ring)
                                (no ring)

@: blade tentacles, wereblooded
A: almost no armour, amphibious, 8 rings, camouflage 1, gelatinous body 1,
(nimble swimmer 1), tentacles
a: End Transformation, Renounce Religion, Wall Jump, Serpent's Lash


You were on level 11 of the Dungeon.
You worshipped Wu Jian.
Wu Jian was most pleased with you.
You had blades for main tentacles.
You visited 2 branches of the dungeon, and saw 12 of its levels.

You collected 653 gold pieces.
You spent 340 gold pieces at shops.

Inventory:

Hand Weapons
 k - a +2 whip of electrocution
 s - a +2 sling of freezing (melded)
Jewellery
 j - a ring of resist corrosion (left blade tentacle)
 q - the ring "Agynwoumai" (right blade tentacle) {rPois rN++ EV+4 Int-2 Slay+3}
   (You found it on level 5 of the Dungeon)

   [ring of evasion]

   EV:        It affects your evasion (+4).
   Int:       It affects your intelligence (-2).
   Slay:      It affects your accuracy & damage with ranged weapons and melee
   (+3).
   rPois:     It protects you from poison.
   rN:        It greatly protects you from negative energy.
 C - a +4 ring of protection (on tentacle)
Wands
 a - a wand of light (12)
 e - a wand of mindburst (4)
 o - a wand of charming (3) (quivered)
 t - a wand of flame (25)
Scrolls
 b - a scroll of enchant armour
 d - 2 scrolls of poison
 f - 4 scrolls of silence
 g - 3 scrolls of magic mapping
 h - 8 scrolls of teleportation
 i - 2 scrolls of brand weapon
 l - a scroll of torment
 n - 2 scrolls of vulnerability
 u - 2 scrolls of immolation {unknown}
 y - a scroll of noise {unknown}
 B - a scroll of identify
 D - a scroll of fear {unknown}
Potions
 c - 8 potions of curing
 m - 4 potions of haste
 p - a potion of brilliance {unknown}
 r - 3 potions of heal wounds
 v - 2 potions of degeneration {unknown}
 w - 3 potions of cancellation
 x - a potion of might {unknown}
 z - a potion of flight {unknown}
 A - a potion of magic
Miscellaneous
 E - a phantom mirror


   Skills:
 + Level 7.8 Fighting
 + Level 8.0 Dodging
 + Level 4.4 Unarmed Combat
 + Level 7.4 Spellcasting
 + Level 10.8 Transmutations


You had 9 spell levels left.
You knew the following spells:

 Your Spells              Type           Power      Damage    Failure   Level
a - Beastly Appendage     Tmut           80%        N/A       8%          1
b - Wereblood             Tmut           40%        N/A       9%          2
c - Spider Form           Tmut/Pois      23%        N/A       28%         3
d - Ice Form              Ice/Tmut       23%        N/A       52%         4
e - Blade Hands           Tmut           20%        N/A       28%         5

Your spell library contained the following spells:

 Spells                   Type           Power      Damage    Failure   Level
 Apportation              Tloc           10%        N/A       50%         1
 Freeze                   Ice            20%        1d4       50%         1
 Confusing Touch          Hex            5%         N/A       77%         3
 Frozen Ramparts          Ice            10%        1d2       77%         3
 Inner Flame              Hex/Fire       5%         N/A       77%         3
 Alistair's Intoxication  Tmut/Pois      15%        N/A       77%         5
 Irradiate                Conj/Tmut      11%        3d15      77%         5
 Yara's Violent Unravell  Hex/Tmut       11%        3d6       77%         5
 Cause Fear               Hex            2%         N/A       97%         4
 Hailstorm                Conj/Ice       5%         3d4       97%         4
 Dragon Form              Tmut           20%        N/A       97%         7
 Enfeeble                 Hex            2%         N/A       100%        7
 Discord                  Hex            2%         N/A       100%        8


Dungeon Overview and Level Annotations

Branches:
Dungeon (11/15)            Temple (1/1) D:4            Lair (0/5) D:10
    Orc: D:9-12

Altars:
Ashenzari
Cheibriados
Dithmenos
Elyvilon
Fedhas
Hepliaklqana
Kikubaaqudgha
Makhleb
Okawaru
Qazlal
Sif Muna
Trog
Uskayaw
Vehumet
Wu Jian
Xom
Zin
The Shining One

Shops:
D:1 ?   D:4 !

Annotations:
D:11 Erolcha


Innate Abilities, Weirdness & Mutations

You have blades for main tentacles.
Your spellcasting is less reliable in this form.
You are incapable of wielding weapons or throwing items.
You cannot wear most types of armour.
You are amphibious.
You can wear up to eight rings at the same time.
Your skin changes colour to match your surroundings (Stealth+).
Your rubbery body absorbs attacks. (AC +1, EV +1)
((You are camouflaged when in or above water. (Stealth+)))
You have tentacles for arms and can constrict up to eight enemies at once.


Message History

The two-headed ogre hits you with a +0 giant club!
The two-headed ogre misses you.
You slice the two-headed ogre!! You squeeze the two-headed ogre!
The two-headed ogre is heavily wounded.
The two-headed ogre hits you with a +0 giant club!!
The two-headed ogre closely misses you.
You slice the two-headed ogre!!
You squeeze the two-headed ogre, but do no damage.
The two-headed ogre is almost dead.
You barely miss the two-headed ogre. You squeeze the two-headed ogre.
The two-headed ogre is almost dead.
The two-headed ogre closely misses you.
The two-headed ogre hits you with a +0 giant club!!
* * * LOW HITPOINT WARNING * * *
You hit the two-headed ogre but do no damage.
You squeeze the two-headed ogre!
You feel a bit better.
You kill the two-headed ogre!
The Council accepts your kill.
Your Dodging skill increases to level 8!
You feel much better.
You hear an angry buzzing noise.
A vampire mosquito comes into view.
As you read the scroll of teleportation, it crumbles to dust.
You feel strangely unstable.
You slice the vampire mosquito!! You grab the vampire mosquito.
The vampire mosquito is almost destroyed.
Your surroundings suddenly seem different.
You lose your grip on something.
Found a phantom mirror.
A shadow comes into view.
You howl as the wereblood boils in your veins!
A troll comes into view.
You see here a phantom mirror.
E - a phantom mirror The shadow slips into darkness.
The shadow flickers and vanishes!
The troll shouts!
The troll completely misses you. The troll closely misses you. x2
You closely miss something. You squeeze something!
The shadow strikes at you from the darkness!
You die...

#)# ###.#.#..##### #
#.# .#.#........##
##.# ##.##
.....#..####.##.(.#
#.# ##..............#
#.#
###...#..####..###
#.#
#.....#>.####..#####
#..
#.###..#............#
#.###..#.###.#..###.#
#...{@...# #.#..# #.#
#####T.### # ####
#.## ### ..... #...
... ####### #...
##### #### ....## #.
.....##.# #.
......... #.
....##### ###


You could see a troll.

Vanquished Creatures
  A two-headed ogre (D:11)
  Maurice (D:8)
  2 trolls (D:10)
  4 hornets
  Sigmund (D:5)
  A wyvern (D:10)
  A wraith (D:10)
  2 shadows
  2 steam dragons (D:8)
  3 vampire mosquitoes (D:11)
  3 wargs (D:10)
  2 acid dragons (D:9)
  2 black bears
  A sky beast (D:7)
  An ice beast (D:7)
  3 orc warriors
  2 ogres
  7 centaurs
  3 phantoms
  4 kobold brigands
  4 bullfrogs
  3 gnoll sergeants
  3 necrophages
  A water moccasin zombie (D:5)
  A scorpion (D:6)
  5 wights (D:8)
  6 howler monkeys
  Crazy Yiuf (D:5)
  4 jellies
  4 hounds
  10 orc priests
  A gnoll bouda (D:6)
  6 iguanas
  Ijyb (D:5)
  11 orc wizards
  23 gnolls
  12 adders
  2 white imps
  An ufetubus (D:6)
  2 worms (D:4)
  4 dart slugs
  44 orcs
  6 endoplasms
  2 giant cockroaches
  6 goblins
  9 hobgoblins
  3 jackals (D:2)
  4 quokkas
  7 ball pythons
  3 bats
  2 frilled lizards
  19 kobolds
  2 rats
258 creatures vanquished.

Vanquished Creatures (others)
  An orc (D:8)
  4 bushes (D:5)
  13 plants (D:5)
18 creatures vanquished.

Grand Total: 276 creatures vanquished

Notes
Turn   | Place    | Note
-------+----------+-------------------------------------------
     0 | D:1      | Anamonty the Octopode Transmuter began the quest for the
                  | Orb.
     0 | D:1      | Reached XP level 1. HP: 13/13 MP: 3/3
    68 | D:1      | Found Cofamp's Magic Scroll Shoppe.
   280 | D:1      | Reached XP level 2. HP: 12/18 MP: 1/5
   381 | D:1      | Learned a level 2 spell: Wereblood
  1128 | D:2      | Reached XP level 3. HP: 13/23 MP: 4/6
  1496 | D:2      | Learned a level 3 spell: Spider Form
  1867 | D:2      | Reached skill level 3 in Transmutations
  1906 | D:2      | Reached XP level 4. HP: 29/29 MP: 5/7
  2436 | D:1      | Bought a scroll of identify for 22 gold pieces
  2540 | D:3      | Reached XP level 5. HP: 10/34 MP: 7/9
  3014 | D:1      | Bought 2 scrolls of teleportation for 66 gold pieces
  3014 | D:1      | Bought a scroll of identify for 22 gold pieces
  3172 | D:3      | Noticed a sky beast
  3224 | D:3      | Found a faded altar of an unknown god.
  3916 | D:4      | Reached skill level 4 in Transmutations
  3922 | D:4      | Reached XP level 6. HP: 23/41 MP: 6/10
  4221 | D:4      | Found a staircase to the Ecumenical Temple.
  4234 | Temple   | Entered the Ecumenical Temple
  4312 | Temple   | Became a worshipper of the Wu Jian Council
  4547 | D:4      | Noticed a black bear
  4573 | D:5      | Entered Level 5 of the Dungeon
  4722 | D:5      | Identified the ring "Agynwoumai" {rPois rN++ EV+4 Int-2
                  | Slay+3}
  4914 | D:4      | Found Vitzizib's Distillery.
  4917 | D:4      | Bought a potion of heal wounds for 70 gold pieces
  4970 | D:4      | Reached XP level 7. HP: 35/46 MP: 12/12
  5104 | D:4      | Learned a level 4 spell: Ice Form
  5112 | D:4      | Reached skill level 5 in Transmutations
  6092 | D:5      | Reached XP level 8. HP: 54/54 MP: 9/14
  6142 | D:5      | Noticed Ijyb
  6150 | D:5      | Reached skill level 6 in Transmutations
  6159 | D:5      | Killed Ijyb
  6159 | D:5      | Reached * piety under Wu Jian
  6525 | D:5      | Noticed Sigmund
  6603 | D:5      | Killed Sigmund
  6821 | D:5      | Found a runed translucent door.
  6822 | D:5      | Noticed Crazy Yiuf
  7095 | D:5      | Reached skill level 5 in Dodging
  7250 | D:5      | Found a blossoming altar of Fedhas.
  7278 | D:5      | Noticed a hornet
  7289 | D:5      | Killed a hornet
  7290 | D:5      | Reached skill level 7 in Transmutations
  7528 | D:5      | Reached XP level 9. HP: 60/60 MP: 7/16
  7843 | D:5      | Killed Crazy Yiuf
  7945 | D:4      | Bought a potion of heal wounds for 70 gold pieces
  8065 | D:5      | Reached skill level 5 in Fighting
  8065 | D:5      | Reached skill level 5 in Spellcasting
  8929 | D:6      | Found a white marble altar of Elyvilon.
  8964 | D:6      | Found a shadowy altar of Dithmenos.
  8988 | D:6      | Reached skill level 8 in Transmutations
  9453 | D:6      | Learned a level 5 spell: Blade Hands
  9505 | D:7      | Found a shimmering blue altar of Sif Muna.
  9561 | D:7      | Found a radiant altar of Vehumet.
 10503 | D:8      | Noticed a hornet
 10508 | D:8      | Killed a hornet
 10508 | D:8      | Reached ** piety under Wu Jian
 10509 | D:8      | Reached skill level 9 in Transmutations
 10509 | D:8      | Reached XP level 10. HP: 61/68 MP: 13/18
 11072 | D:8      | Noticed Maurice
 11091 | D:8      | Killed Maurice
 11347 | D:8      | Found Zin's Purification Station.
 11349 | D:8      | Found a glowing silver altar of Zin.
 11354 | D:8      | Bought a potion of curing for 90 gold pieces
 11776 | D:8      | Found a glowing golden altar of the Shining One.
 12166 | D:8      | Found a burning altar of Makhleb.
 12585 | D:8      | You fall into a shaft and drop 3 floors!
 12598 | D:10     | Entered Level 10 of the Dungeon
 12618 | D:10     | Found a staircase to the Lair.
 12633 | D:10     | Reached skill level 10 in Transmutations
 14168 | D:8      | Reached *** piety under Wu Jian
 14169 | D:8      | Reached XP level 11. HP: 64/75 MP: 15/21
 14568 | D:9      | Found a stormy altar of Qazlal.
 15055 | D:10     | Found a hazy altar of Hepliaklqana.
 15358 | D:10     | Found a hide-covered altar of Uskayaw.
 15366 | D:10     | Found a snail-covered altar of Cheibriados.
 15700 | D:11     | Noticed a two-headed ogre
 15704 | D:11     | Noticed Erolcha
 15712 | D:11     | Killed a two-headed ogre
 15723 | D:11     | Mangled by a shadow

Illustrated notes

Levels and vault maps discovered:
D:1:      dpeg_arrival_simpleton_c, layout_loops_corners, serial_shops,
          shop_statue
D:2:      layout_loops_ring, roderic_lattice_a, minmay_misc_feat_enclosed,
          minmay_misc_feat_room, minmay_tromino_mix6
D:3:      layout_loops_corners, shapermc_ecumenical_altar_starsandcircs,
          lightli_corner_chamber
D:4:      layout_loops_ring, minmay_temple_entry_glass, serial_shops,
          nicolae_shop_behind_doors, st_stairs_2
D:5:      nicolae_cairo_tiling_large, layout_loops_ring,
          fedhas_altar_decomposition, kennysheep_generic_room_3, uniq_sigmund,
          uniq_crazy_yiuf_cottage, uniq_ijyb
D:6:      layout_gridville, nicolae_dithmenos_the_darkroom,
          mainiacjoe_overflow_boulevard
D:7:      layout_loops_ring, mainiacjoe_overflow_small_starburst,
          mainiacjoe_overflow_brackets
D:8:      layout_basic, lemuel_coloured_pillars_altar, zin_purify, tso_altar,
          centaur_isle, uniq_maurice
D:9:      layout_roguey, mainiacjoe_overflow_alcove_1
D:10:     layout_basic, lemuel_doored_altar, cheibriados_altar_1,
          mainiacjoe_overflow_surrounded_room, erik_lair_orcish_takeover
D:11:     layout_loops_ring, serial_co_window_serial, co_window_corner_a,
          co_window_paths_a, co_window_cross_1, co_window_paths_b,
          co_window_corner_a, co_window_corner_b, co_window_2corner,
          co_window_of_opportunity_b, co_window_of_opportunity_c,
          co_window_broadway_a, co_window_4corner_a, glass_columns_a,
          glass_columns_c, glass_columns_b, uniq_erolcha
Temple:   cyrus_temple_forest

Skill      XL: |  1  2  3  4  5  6  7  8  9 10 11 |
---------------+----------------------------------+-----
Transmutations | 3 4 5 7 9 10 | 10.8
Fighting       | 2 3 4 6 7 |  7.8
Dodging        | 3 4 5 6 7 8 |  8.0
Spellcasting   | 3 4 5 7 |  7.4
Unarmed Combat | 4 |  4.4

Action                   |  1- 3 |  4- 6 |  7- 9 | 10-12 || total
-------------------------+-------+-------+-------+-------++-------
Melee: Mace              |    57 |    31 |       |       ||    88
       Constrict         |    19 |    18 |    22 |    35 ||    94
       Tentacles         |    13 |    19 |    23 |    34 ||    89
       Kick              |    10 |     8 |     2 |       ||    20
       Unarmed           |     3 |    66 |   178 |   169 ||   416
       Punch             |     1 |       |     3 |     7 ||    11
       Whip              |       |    28 |    69 |       ||    97
 Fire: Sling             |     2 |     5 |    12 |    64 ||    83
 Cast: Beastly Appendage |     9 |    10 |     5 |       ||    24
       Wereblood         |     3 |     3 |    10 |    10 ||    26
       Spider Form       |       |     4 |     8 |       ||    12
       Ice Form          |       |       |    11 |     3 ||    14
       Blade Hands       |       |       |     6 |    23 ||    29
Invok: Lunge             |       |     3 |    19 |    13 ||    35
       Whirlwind         |       |       |     4 |     1 ||     5
Evoke: Wand              |       |       |     2 |    12 ||    14
  Use: Potion            |     1 |       |     4 |     4 ||     9
       Scroll            |       |     5 |     4 |     6 ||    15
 Stab: Sleeping          |     6 |     6 |     7 |     1 ||    20
       Distracted        |       |       |     1 |       ||     1
Armor: Skin              |    15 |     7 |    27 |    10 ||    59
Dodge: Dodged            |    34 |    63 |   166 |   171 ||   434
